[Event "SRB-chT Men 1st League 2019"]
[Site "Subotica"]
[Date "2019.08.25"]
[Round "4.12"]
[White "Radovic, Luka"]
[Black "Laketic, Gojko"]
[Result "1-0"]
[ECO "A09"]
[WhiteElo "2328"]
[BlackElo "2376"]
[Annotator "NA"]
[PlyCount "130"]
[EventDate "2019.08.23"]
[EventType "team-tourn"]
[EventCountry "SRB"]
[SourceTitle "playchess.com"]
[Source "ChessBase"]
[SourceQuality "1"]
[TimeControl "40/5400+30:1800+30"]

1. Nf3 d5 2. c4 d4 3. g3 g6 4. Bg2 Bg7 5. O-O c5 6. e3 Nc6 7. d3 dxe3 8. fxe3 Nh6 9. Nc3 O-O 10. Qe2 Bg4 11. h3 Bxf3 12. Bxf3 Nf5 13. Kg2 Qc7 14. Qf2 Ne5 15. Nd5 Qd8 16. Be2 e6 17. Nf4 Rc8 18. Rd1 a6 19. Rb1 b5 20. b3 bxc4 21. bxc4 Qa5 22. Bd2 Qa4 23. Bc3 Nxc4 24. dxc4 Bxc3 25. g4 Ne7 26. Rb7 Nc6 27. Rdd7 Ne5 28. Re7 Rfe8 29. Nxg6 Qc6+ 30. Kg1 Qxb7 31. Rxb7 hxg6 32. Rb3 Bb4 33. a3 Ba5 34. Qf6 Nd7 35. Qg5 Bd8 36. Qf4 Bc7 37. Qe4 Ne5 38. Rb7 Bd6 39. Rb6 Bc7 40. Rxa6 Rb8 41. Ra7 Bd6 42. a4 Kg7 43. Rb7 Rbc8 44. Bd1 Rh8 45. Kg2 g5 46. a5 Rc6 47. Rb5 Kf6 48. Bf3 Rd8 49. Qb1 Rc7 50. Bb7 Rcd7 51. Rb2 Bb8 52. Rf2+ Ke7 53. a6 Ng6 54. Ra2 Rd1 55. Qb6 Nh4+ 56. Kf2 R1d2+ 57. Rxd2 Rxd2+ 58. Ke1 Ra2 59. Qxc5+ Kf6 60. Qd4+ Ke7 61. Kd1 Ng6 62. Be4 Ne5 63. Qb6 Nd7 64. Qb7 Kd6 65. c5+ Kxc5 1-0

[Event "SRB-chT Men 1st League 2019"]
[Site "Subotica"]
[Date "2019.08.26"]
[Round "5.2"]
[White "Perunovic, Milos"]
[Black "Radovanovic, Mihajlo"]
[Result "1-0"]
[ECO "B96"]
[WhiteElo "2569"]
[BlackElo "2496"]
[Annotator "ChessBase"]
[PlyCount "51"]
[EventDate "2019.08.23"]
[EventType "team-tourn"]
[EventCountry "SRB"]
[SourceTitle "playchess.com"]
[Source "ChessBase"]
[SourceQuality "1"]
[TimeControl "40/5400+30:1800+30"]

1. e4 c5 2. Nf3 d6 3. d4 cxd4 4. Nxd4 Nf6 5. Nc3 a6 6. Bg5 e6 7. f4 h6 8. Bh4 Qb6 9. Qd2 Qxb2 10. Rb1 Qa3 11. Bxf6 gxf6 12. Be2 h5 13. O-O Nd7 14. Kh1 Qc5 15. Na4 Qc7 16. c4 h4 17. f5 Bh6 18. Qd1 e5 19. Ne6 Qc6 20. Nc3 Nc5 21. Bh5 Nxe6 22. fxe6 Bxe6 23. Rxf6 Kf8 24. Nd5 Re8 25. Bxf7 Bxf7 26. Qh5 1-0

[Event "SRB-chT Men 1st League 2019"]
[Site "Subotica"]
[Date "2019.08.26"]
[Round "5.3"]
[White "Vuckovic, Bojan"]
[Black "Damljanovic, Branko"]
[Result "1-0"]
[ECO "B81"]
[WhiteElo "2581"]
[BlackElo "2483"]
[Annotator "ChessBase"]
[PlyCount "90"]
[EventDate "2019.08.23"]
[EventType "team-tourn"]
[EventCountry "SRB"]
[SourceTitle "playchess.com"]
[Source "ChessBase"]
[SourceQuality "1"]
[TimeControl "40/5400+30:1800+30"]

1. e4 c5 2. Nf3 d6 3. d4 cxd4 4. Nxd4 Nf6 5. Nc3 a6 6. Be3 e6 7. g4 d5 8. e5 Nfd7 9. f4 Nc6 10. Qf3 Bb4 11. Bd3 Bc5 12. Nce2 Bb4+ 13. Kf2 Be7 14. h4 Nc5 15. h5 Bd7 16. g5 Qb6 17. g6 fxg6 18. hxg6 h6 19. Kg3 Rf8 20. Nxc6 bxc6 21. a3 Qc7 22. b4 Na4 23. c4 Nb2 24. Bd4 Nxd3 25. Qxd3 a5 26. Bc5 Bxc5 27. bxc5 Rb8 28. Rab1 Ke7 29. Rxb8 Rxb8 30. Rb1 Qa7 31. cxd5 exd5 32. Rxb8 Qxb8 33. Nd4 Qb2 34. e6 Be8 35. Nf5+ Kf6 36. Nd6 Bxg6 37. Qe3 Ke7 38. Nc8+ Kd8 39. e7+ Kd7 40. f5 Bf7 41. Nd6 Qb8 42. e8=Q+ Bxe8 43. Qe6+ Kc7 44. Qxe8 Qb3+ 45. Kf4 Qa4+ {[%emt 0:27:41] Ke4} 1-0

[Event "SRB-chT Men 1st League 2019"]
[Site "Subotica"]
[Date "2019.08.26"]
[Round "5.4"]
[White "Tadic, Branko"]
[Black "Roganovic, Milos"]
[Result "1/2-1/2"]
[ECO "A11"]
[WhiteElo "2488"]
[BlackElo "2505"]
[Annotator "ChessBase"]
[PlyCount "42"]
[EventDate "2019.08.23"]
[EventType "team-tourn"]
[EventCountry "SRB"]
[SourceTitle "playchess.com"]
[Source "ChessBase"]
[SourceQuality "1"]
[TimeControl "40/5400+30:1800+30"]

1. Nf3 Nf6 2. c4 g6 3. b3 Bg7 4. Bb2 O-O 5. g3 c6 6. Bg2 d5 7. O-O Nbd7 8. Nc3 e5 9. cxd5 Nxd5 10. Qc2 Re8 11. d3 Nxc3 12. Bxc3 Nb6 13. Rac1 Qe7 14. Nd2 Bf5 15. Ne4 Rad8 16. Bb2 Bc8 17. a3 f5 18. Nc5 Nd7 19. Na4 Nb6 20. Nc5 Nd7 21. Na4 Nb6 1/2-1/2

[Event "SRB-chT Men 1st League 2019"]
[Site "Subotica"]
[Date "2019.08.26"]
[Round "5.5"]
[White "Zajic, Milan"]
[Black "Nestorovic, Nikola"]
[Result "0-1"]
[ECO "B32"]
[WhiteElo "2497"]
[BlackElo "2468"]
[Annotator "ChessBase"]
[PlyCount "64"]
[EventDate "2019.08.23"]
[EventType "team-tourn"]
[EventCountry "SRB"]
[SourceTitle "playchess.com"]
[Source "ChessBase"]
[SourceQuality "1"]
[TimeControl "40/5400+30:1800+30"]

1. e4 c5 2. Nf3 Nc6 3. d4 cxd4 4. Nxd4 e5 5. Nb5 d6 6. c4 Be7 7. N1c3 a6 8. Na3 f5 9. exf5 Bxf5 10. Bd3 Be6 11. O-O Nf6 12. Bg5 O-O 13. Nc2 Qd7 14. Qd2 Nh5 15. Bxe7 Qxe7 16. Nd5 Qf7 17. Rad1 Rad8 18. Be4 Nf6 19. Nxf6+ gxf6 20. b3 f5 21. Bxc6 bxc6 22. Qc3 f4 23. c5 dxc5 24. Qxc5 Qg6 25. f3 e4 26. fxe4 f3 27. Qf2 Rxd1 28. Rxd1 Qxe4 29. Re1 Qg6 30. Nb4 Bh3 31. Nxc6 Qxg2+ 32. Qxg2+ fxg2 0-1

[Event "SRB-chT Men 1st League 2019"]
[Site "Subotica"]
[Date "2019.08.26"]
[Round "5.6"]
[White "Ostojic, Nikola"]
[Black "Todorovic, Jovan"]
[Result "1/2-1/2"]
[ECO "E70"]
[WhiteElo "2432"]
[BlackElo "2345"]
[Annotator "NA"]
[PlyCount "90"]
[EventDate "2019.08.23"]
[EventType "team-tourn"]
[EventCountry "SRB"]
[SourceTitle "playchess.com"]
[Source "ChessBase"]
[SourceQuality "1"]
[TimeControl "40/5400+30:1800+30"]

1. d4 Nf6 2. c4 g6 3. Nc3 Bg7 4. e4 d6 5. Nge2 Nbd7 6. Ng3 e5 7. d5 a5 8. Be2 Nc5 9. h4 h5 10. Bg5 Bh6 11. Bxh6 Rxh6 12. Qd2 Rh8 13. O-O-O Qe7 14. Kb1 Rh7 15. f3 Bd7 16. b3 Kf8 17. Kb2 Ne8 18. Rdf1 Kg7 19. Bd1 Rh8 20. Bc2 Rf8 21. Nge2 Nf6 22. Nc1 a4 23. b4 a3+ 24. Ka1 Na6 25. Nd3 c6 26. dxc6 bxc6 27. b5 Nc7 28. bxc6 Bxc6 29. Nb4 Bb7 30. Rd1 Rfd8 31. Rb1 Ne6 32. Ncd5 Nxd5 33. cxd5 Nc5 34. Bd3 Rdc8 35. Bb5 Qc7 36. Bc6 Rab8 37. Bxb7 Rxb7 38. Nc6 Ra8 39. Rhc1 Rxb1+ 40. Rxb1 Qc8 41. Qe2 Na4 42. Rb3 Nc5 43. Rb1 Na4 44. Rb3 Nc5 45. Rb1 Kh7 1/2-1/2

[Event "SRB-chT Men 1st League 2019"]
[Site "Subotica"]
[Date "2019.08.26"]
[Round "5.7"]
[White "Mastrovasilis, Athanasios"]
[Black "Sedlak, Nikola"]
[Result "1/2-1/2"]
[ECO "D13"]
[WhiteElo "2518"]
[BlackElo "2590"]
[Annotator "ChessBase"]
[PlyCount "31"]
[EventDate "2019.08.23"]
[EventType "team-tourn"]
[EventCountry "SRB"]
[SourceTitle "playchess.com"]
[Source "ChessBase"]
[SourceQuality "1"]
[TimeControl "40/5400+30:1800+30"]

1. d4 d5 2. c4 c6 3. cxd5 cxd5 4. Nf3 Nf6 5. Nc3 Nc6 6. Bf4 a6 7. Rc1 Bf5 8. e3 Rc8 9. Ne5 Nxe5 10. dxe5 Ne4 11. Nxe4 Rxc1 12. Qxc1 dxe4 13. Be2 Qa5+ 14. Qd2 Qxd2+ 15. Kxd2 e6 16. Rc1 1/2-1/2

[Event "SRB-chT Men 1st League 2019"]
[Site "Subotica"]
[Date "2019.08.26"]
[Round "5.9"]
[White "Savic, Miodrag R"]
[Black "Popovic, Dusan"]
[Result "1/2-1/2"]
[ECO "B08"]
[WhiteElo "2472"]
[BlackElo "2481"]
[Annotator "ChessBase"]
[PlyCount "36"]
[EventDate "2019.08.23"]
[EventType "team-tourn"]
[EventCountry "SRB"]
[SourceTitle "playchess.com"]
[Source "ChessBase"]
[SourceQuality "1"]
[TimeControl "40/5400+30:1800+30"]

1. e4 g6 2. d4 Bg7 3. Nc3 d6 4. Be3 a6 5. a4 Nc6 6. h3 Nf6 7. Nf3 O-O 8. Be2 e5 9. dxe5 dxe5 10. O-O h6 11. Qc1 Kh7 12. Rd1 Qe7 13. Bc4 Be6 14. Bxe6 fxe6 15. Nh2 Rad8 16. Rxd8 Rxd8 17. Nf1 Nd4 18. Ng3 Ne8 1/2-1/2

[Event "SRB-chT Men 1st League 2019"]
[Site "Subotica"]
[Date "2019.08.26"]
[Round "5.10"]
[White "Cabarkapa, Novak"]
[Black "Todorovic, Goran M"]
[Result "1/2-1/2"]
[ECO "A07"]
[WhiteElo "2434"]
[BlackElo "2415"]
[Annotator "NA"]
[PlyCount "27"]
[EventDate "2019.08.23"]
[EventType "team-tourn"]
[EventCountry "SRB"]
[SourceTitle "playchess.com"]
[Source "ChessBase"]
[SourceQuality "1"]
[TimeControl "40/5400+30:1800+30"]

1. b3 d5 2. Bb2 Nf6 3. Nf3 Bf5 4. g3 e6 5. Bg2 h6 6. O-O Be7 7. d3 O-O 8. Nbd2 Bh7 9. Ne5 Nfd7 10. Nxd7 Nxd7 11. e4 c6 12. f4 Qc7 13. Kh1 Rfe8 14. Qe2 1/2-1/2

[Event "SRB-chT Men 1st League 2019"]
[Site "Subotica"]
[Date "2019.08.26"]
[Round "5.11"]
[White "Markovic, Miroslav"]
[Black "Lukovic, Vladimir"]
[Result "1/2-1/2"]
[ECO "C85"]
[WhiteElo "2394"]
[BlackElo "2420"]
[Annotator "NA"]
[PlyCount "61"]
[EventDate "2019.08.23"]
[EventType "team-tourn"]
[EventCountry "SRB"]
[SourceTitle "playchess.com"]
[Source "ChessBase"]
[SourceQuality "1"]
[TimeControl "40/5400+30:1800+30"]

1. e4 e5 2. Nf3 Nc6 3. Bb5 a6 4. Ba4 Nf6 5. O-O Be7 6. Bxc6 dxc6 7. d3 Nd7 8. Nbd2 f6 9. Nh4 Nf8 10. Nc4 Be6 11. Ne3 Qd7 12. Nef5 Bc5 13. Be3 Bxe3 14. Nxe3 O-O-O 15. b4 Ng6 16. Nf3 h5 17. Nd2 Nf4 18. a4 g5 19. Re1 g4 20. Ndf1 h4 21. Qd2 Rdg8 22. Reb1 b6 23. b5 a5 24. bxc6 Qxc6 25. c4 Qc5 26. g3 hxg3 27. fxg3 Qd4 28. Ra3 Rd8 29. Rd1 Nh3+ 30. Kg2 Ng5 31. Nc2 1/2-1/2

[Event "SRB-chT Men 1st League 2019"]
[Site "Subotica"]
[Date "2019.08.26"]
[Round "5.12"]
[White "Zegarac, Vuk"]
[Black "Drazic, Sinisa"]
[Result "1/2-1/2"]
[ECO "B06"]
[WhiteElo "2310"]
[BlackElo "2379"]
[Annotator "NA"]
[PlyCount "43"]
[EventDate "2019.08.23"]
[EventType "team-tourn"]
[EventCountry "SRB"]
[SourceTitle "playchess.com"]
[Source "ChessBase"]
[SourceQuality "1"]
[TimeControl "40/5400+30:1800+30"]

1. d4 c6 2. Nf3 g6 3. c3 Bg7 4. e4 d6 5. Be2 Nf6 6. Qc2 O-O 7. O-O a5 8. a4 d5 9. e5 Ne4 10. Bd3 c5 11. Bxe4 dxe4 12. Qxe4 cxd4 13. Nxd4 Nc6 14. f4 Qb6 15. Na3 Bf5 16. Qe3 Nxd4 17. Qxd4 Qb3 18. Qd1 Qb6+ 19. Qd4 Qb3 20. Qd1 Qb6+ 21. Qd4 Qb3 22. Qd1 1/2-1/2

[Event "SRB-chT Men 1st League 2019"]
[Site "Subotica"]
[Date "2019.08.26"]
[Round "5.15"]
[White "Lajthajm, Borko"]
[Black "Miladinovic, Igor"]
[Result "0-1"]
[ECO "B22"]
[WhiteElo "2414"]
[BlackElo "2532"]
[Annotator "ChessBase"]
[PlyCount "108"]
[EventDate "2019.08.23"]
[EventType "team-tourn"]
[EventCountry "SRB"]
[SourceTitle "playchess.com"]
[Source "ChessBase"]
[SourceQuality "1"]
[TimeControl "40/5400+30:1800+30"]

1. e4 c5 2. c3 Nf6 3. e5 Nd5 4. Nf3 Nc6 5. Bc4 Nb6 6. Bb3 c4 7. Bc2 d6 8. exd6 Qxd6 9. d4 cxd3 10. Qxd3 Qxd3 11. Bxd3 e5 12. O-O f6 13. a4 Be6 14. a5 Bc4 15. Bxc4 Nxc4 16. a6 b5 17. b3 Nb6 18. Rd1 Rd8 19. Rxd8+ Kxd8 20. Ba3 Nd5 21. Ra2 Kc8 22. c4 bxc4 23. bxc4 Ndb4 24. Bxb4 Bxb4 25. Nbd2 Rd8 26. g4 Rd3 27. Kg2 Ra3 28. Rxa3 Bxa3 29. Ne4 Nb8 30. g5 Be7 31. Nh4 Nxa6 32. Nf5 Kd7 33. Nxg7 fxg5 34. Nh5 Nc5 35. Nc3 a5 36. Ng3 a4 37. Kf3 a3 38. Kg4 Ke6 39. f3 e4 40. fxe4 Ke5 41. Kf3 Nd3 42. Nge2 h5 43. h3 Bc5 44. Kg3 Nb4 45. Kf3 Bb6 46. Nc1 Bd4 47. N3a2 Nxa2 48. Nxa2 Bc5 49. Nc1 Kd4 50. Ke2 Kxc4 51. Kd2 g4 52. hxg4 hxg4 53. Kc2 g3 54. e5 g2 0-1

[Event "SRB-chT Men 1st League 2019"]
[Site "Subotica"]
[Date "2019.08.26"]
[Round "5.17"]
[White "Radlovacki, Jovan"]
[Black "Lazic, Miroljub"]
[Result "0-1"]
[ECO "C55"]
[WhiteElo "2265"]
[BlackElo "2387"]
[Annotator "NA"]
[PlyCount "92"]
[EventDate "2019.08.23"]
[EventType "team-tourn"]
[EventCountry "SRB"]
[SourceTitle "playchess.com"]
[Source "ChessBase"]
[SourceQuality "1"]
[TimeControl "40/5400+30:1800+30"]

1. e4 e5 2. Nf3 Nc6 3. Bb5 a6 4. Ba4 Nf6 5. d3 b5 6. Bb3 Be7 7. O-O d6 8. c3 O-O 9. h3 Na5 10. Bc2 c5 11. Qe2 Re8 12. Rd1 Qc7 13. Nbd2 Bf8 14. Nf1 Bb7 15. Bg5 Nd7 16. Ne3 h6 17. Bh4 Nb6 18. Rac1 Nc6 19. a3 Ne7 20. d4 Ng6 21. dxc5 dxc5 22. c4 bxc4 23. Nxc4 Nf4 24. Qf1 Nxc4 25. Qxc4 a5 26. Kh2 Ba6 27. Qa4 Qb6 28. Ne1 Ne2 29. Rb1 Nd4 30. Bd3 Bb7 31. b3 Rab8 32. Nc2 Bc6 33. Qc4 Bb5 34. Qc3 Bxd3 35. Qxd3 Nxb3 36. Ne3 a4 37. Nd5 Qc6 38. Qc4 Nd2 39. Rxd2 Rxb1 40. Rd3 Rb3 41. Rxb3 axb3 42. Qxb3 c4 43. Qc3 Qc5 44. a4 Qd4 45. Qg3 Re6 46. a5 Qd3 0-1

[Event "SRB-chT Men 1st League 2019"]
[Site "Subotica"]
[Date "2019.08.26"]
[Round "5.18"]
[White "Laketic, Gojko"]
[Black "Sredojevic, Ivan"]
[Result "1/2-1/2"]
[ECO "E92"]
[WhiteElo "2376"]
[BlackElo "2232"]
[Annotator "NA"]
[PlyCount "56"]
[EventDate "2019.08.23"]
[EventType "team-tourn"]
[EventCountry "SRB"]
[SourceTitle "playchess.com"]
[Source "ChessBase"]
[SourceQuality "1"]
[TimeControl "40/5400+30:1800+30"]

1. d4 Nf6 2. c4 g6 3. Nc3 Bg7 4. e4 d6 5. Nf3 O-O 6. Be2 e5 7. d5 a5 8. Bg5 h6 9. Bh4 Na6 10. Nd2 Bd7 11. f3 Qe8 12. Bf2 Nh7 13. b3 h5 14. a3 Qe7 15. h4 Bh6 16. Rb1 c5 17. Bd3 f5 18. Qe2 Nf6 19. Nf1 Rf7 20. Kd1 Nc7 21. Ng3 Raf8 22. Kc2 fxe4 23. Ngxe4 Nxe4 24. Bxe4 Bf5 25. Qd3 Ne8 26. b4 axb4 27. axb4 cxb4 28. Rxb4 Nf6 1/2-1/2

[Event "SRB-chT Men 1st League 2019"]
[Site "Subotica"]
[Date "2019.08.27"]
[Round "6.3"]
[White "Miladinovic, Igor"]
[Black "Ratkovic, Milovan"]
[Result "1-0"]
[ECO "B13"]
[WhiteElo "2532"]
[BlackElo "2411"]
[Annotator "ChessBase"]
[PlyCount "49"]
[EventDate "2019.08.23"]
[EventType "team-tourn"]
[EventCountry "SRB"]
[SourceTitle "playchess.com"]
[Source "ChessBase"]
[SourceQuality "1"]
[TimeControl "40/5400+30:1800+30"]

1. d4 d5 2. Bf4 c5 3. e3 cxd4 4. exd4 Nc6 5. c3 Nf6 6. Nf3 Bf5 7. Qb3 Na5 8. Qa4+ Bd7 9. Qc2 e6 10. Ne5 Be7 11. Nd2 Rc8 12. Ndf3 O-O 13. Bd3 Be8 14. Ng5 h6 15. h4 Nc4 16. Bxc4 dxc4 17. Ng4 g6 18. Nxh6+ Kg7 19. h5 Nd7 20. Nhxf7 Bxf7 21. Nxf7 Rxf7 22. Bh6+ Kh8 23. hxg6 Rf5 24. Qe4 Nf6 25. Bf8+ 1-0

[Event "SRB-chT Men 1st League 2019"]
[Site "Subotica"]
[Date "2019.08.27"]
[Round "6.4"]
[White "Popov, Sinisa S"]
[Black "Miljkovic, Miroslav D"]
[Result "0-1"]
[ECO "E46"]
[WhiteElo "2440"]
[BlackElo "2483"]
[Annotator "ChessBase"]
[PlyCount "72"]
[EventDate "2019.08.23"]
[EventType "team-tourn"]
[EventCountry "SRB"]
[SourceTitle "playchess.com"]
[Source "ChessBase"]
[SourceQuality "1"]
[TimeControl "40/5400+30:1800+30"]

1. d4 Nf6 2. c4 e6 3. Nc3 Bb4 4. e3 O-O 5. Nge2 Re8 6. a3 Bf8 7. Ng3 d5 8. Bd3 c5 9. dxc5 dxc4 10. Bxc4 Qxd1+ 11. Kxd1 Bxc5 12. Ke2 a6 13. b4 Be7 14. Bb2 Nbd7 15. Nce4 Nxe4 16. Nxe4 Nb6 17. Bd3 Bd7 18. Bd4 Nd5 19. Bc5 f5 20. Nd2 Bxc5 21. bxc5 Nc3+ 22. Ke1 Rac8 23. Nb3 Ba4 24. Kd2 Bxb3 25. Kxc3 Bd5 26. Kb4 Bxg2 27. Rhd1 Bf3 28. Rd2 Red8 29. Raa2 Kf7 30. Rac2 Ke7 31. Bc4 g5 32. Bb3 g4 33. Rd6 a5+ 34. Kxa5 Rxc5+ 35. Rxc5 Kxd6 36. Kb4 Rf8 0-1

[Event "SRB-chT Men 1st League 2019"]
[Site "Subotica"]
[Date "2019.08.27"]
[Round "6.5"]
[White "Lazic, Miroljub"]
[Black "Budisavljevic, Luka"]
[Result "1/2-1/2"]
[ECO "A07"]
[WhiteElo "2387"]
[BlackElo "2359"]
[Annotator "NA"]
[PlyCount "93"]
[EventDate "2019.08.23"]
[EventType "team-tourn"]
[EventCountry "SRB"]
[SourceTitle "playchess.com"]
[Source "ChessBase"]
[SourceQuality "1"]
[TimeControl "40/5400+30:1800+30"]

1. g3 d5 2. Nf3 c6 3. Bg2 Bg4 4. O-O Nd7 5. d3 e6 6. Nbd2 Bd6 7. h3 Bh5 8. e4 Ne7 9. Qe1 O-O 10. a3 a5 11. b3 e5 12. Bb2 Qc7 13. Rc1 Rfe8 14. exd5 cxd5 15. c4 Qb8 16. cxd5 Nc5 17. Qe2 Nxd5 18. Rfe1 Bg6 19. Nh4 Bxd3 20. Qf3 e4 21. Qg4 Be5 22. Bxe5 Rxe5 23. Nf5 g6 24. Nd4 Nf6 25. Qf4 g5 26. Qxf6 Ra6 27. Qxa6 Bxa6 28. Bxe4 Nd3 29. Bxd3 Bxd3 30. N2f3 Rd5 31. Rc3 Bg6 32. Rce3 Qd6 33. Ne2 h6 34. a4 Rd1 35. Rxd1 Qxd1+ 36. Kg2 Qd5 37. g4 Kg7 38. Ng3 Kf8 39. Rc3 Ke7 40. Kh2 Qd6 41. Re3+ Kf6 42. Kg2 Qd5 43. Rc3 Kg7 44. Kh2 Qd6 45. Kg2 Qd5 46. Kh2 Qd6 47. Kg2 1/2-1/2

[Event "SRB-chT Men 1st League 2019"]
[Site "Subotica"]
[Date "2019.08.27"]
[Round "6.6"]
[White "Besedes, Danilo"]
[Black "Laketic, Gojko"]
[Result "1/2-1/2"]
[ECO "E15"]
[WhiteElo "2249"]
[BlackElo "2376"]
[Annotator "NA"]
[PlyCount "106"]
[EventDate "2019.08.23"]
[EventType "team-tourn"]
[EventCountry "SRB"]
[SourceTitle "playchess.com"]
[Source "ChessBase"]
[SourceQuality "1"]
[TimeControl "40/5400+30:1800+30"]

1. d4 Nf6 2. Nf3 e6 3. c4 b6 4. g3 Ba6 5. b3 Bb4+ 6. Bd2 Be7 7. Bg2 Bb7 8. O-O O-O 9. Nc3 d5 10. cxd5 exd5 11. Qc2 Re8 12. Rad1 Nbd7 13. Bf4 c6 14. Ne5 Nf8 15. e4 Ne6 16. Be3 Bb4 17. Ne2 Rc8 18. Nd3 dxe4 19. Nxb4 a5 20. Nc3 axb4 21. Nxe4 Nd5 22. Qd2 f5 23. Ng5 Nxe3 24. Nxe6 Nxf1 25. Nxd8 Nxd2 26. Nxb7 Re2 27. Nd6 Rd8 28. Nxf5 Kf8 29. d5 Ne4 30. Nd4 Rxd5 31. Bf3 Rxa2 32. Bxe4 Rd6 33. Rd3 c5 34. Rf3+ Rf6 35. Ne6+ Kf7 36. Nf4 g5 37. Nd5 Rxf3 38. Bxf3 b5 39. Nc7 Ra5 40. Be2 c4 41. bxc4 b3 42. Nxb5 b2 43. Bd3 Ra1+ 44. Kg2 b1=Q 45. Bxb1 Rxb1 46. Nd4 Rc1 47. Nf5 Ke6 48. Ne3 Ke5 49. Kf3 h5 50. h3 Rg1 51. Nc2 Rh1 52. Kg2 Rc1 53. Ne3 Ra1 1/2-1/2

[Event "SRB-chT Men 1st League 2019"]
[Site "Subotica"]
[Date "2019.08.27"]
[Round "6.7"]
[White "Stojanovic, Dalibor"]
[Black "Mastrovasilis, Athanasios"]
[Result "1/2-1/2"]
[ECO "C67"]
[WhiteElo "2502"]
[BlackElo "2518"]
[Annotator "ChessBase"]
[PlyCount "29"]
[EventDate "2019.08.23"]
[EventType "team-tourn"]
[EventCountry "SRB"]
[SourceTitle "playchess.com"]
[Source "ChessBase"]
[SourceQuality "1"]
[TimeControl "40/5400+30:1800+30"]

1. e4 e5 2. Nf3 Nc6 3. Bb5 Nf6 4. O-O Nxe4 5. Re1 Nd6 6. Nxe5 Be7 7. Bf1 Nxe5 8. Rxe5 O-O 9. d4 Ne8 10. Re1 d5 11. Bf4 Bd6 12. Bxd6 Nxd6 13. Bd3 Bf5 14. Bxf5 Nxf5 15. c3 1/2-1/2

[Event "SRB-chT Men 1st League 2019"]
[Site "Subotica"]
[Date "2019.08.27"]
[Round "6.8"]
[White "Pavlovic, Milos"]
[Black "Djordjevic, Vuk"]
[Result "1/2-1/2"]
[ECO "E05"]
[WhiteElo "2502"]
[BlackElo "2368"]
[Annotator "ChessBase"]
[PlyCount "71"]
[EventDate "2019.08.23"]
[EventType "team-tourn"]
[EventCountry "SRB"]
[SourceTitle "playchess.com"]
[Source "ChessBase"]
[SourceQuality "1"]
[TimeControl "40/5400+30:1800+30"]

1. Nf3 Nf6 2. g3 d5 3. Bg2 e6 4. O-O Be7 5. c4 O-O 6. d4 dxc4 7. Qc2 a6 8. a4 Bd7 9. Qxc4 Bc6 10. Bg5 Bd5 11. Qc2 Be4 12. Qc1 h6 13. Bxf6 Bxf6 14. Rd1 a5 15. Nbd2 Bxf3 16. Bxf3 c6 17. e3 Na6 18. Nc4 Qc7 19. Qd2 Nb4 20. Qe2 Rfd8 21. h4 e5 22. dxe5 Bxe5 23. Be4 Qe7 24. Qg4 Bc7 25. h5 Nd5 26. Qf5 Nf6 27. Bf3 Qb4 28. Qc2 Rab8 29. b3 Qc5 30. Qe2 Rxd1+ 31. Rxd1 b5 32. Nb2 Qc3 33. Rd3 Qc1+ 34. Rd1 Qc3 35. Rd3 Qc1+ 36. Rd1 1/2-1/2

[Event "SRB-chT Men 1st League 2019"]
[Site "Subotica"]
[Date "2019.08.27"]
[Round "6.9"]
[White "Sarenac, Ivan"]
[Black "Savic, Miodrag R"]
[Result "1-0"]
[ECO "B01"]
[WhiteElo "2381"]
[BlackElo "2472"]
[Annotator "ChessBase"]
[PlyCount "133"]
[EventDate "2019.08.23"]
[EventType "team-tourn"]
[EventCountry "SRB"]
[SourceTitle "playchess.com"]
[Source "ChessBase"]
[SourceQuality "1"]
[TimeControl "40/5400+30:1800+30"]

1. e4 d5 2. exd5 Qxd5 3. Nc3 Qd8 4. d4 Nf6 5. Bc4 a6 6. Nf3 b5 7. Bd3 Bb7 8. Qe2 e6 9. Ne4 Qd5 10. Nxf6+ gxf6 11. Bf4 Bd6 12. Bg3 h5 13. a4 b4 14. c4 bxc3 15. bxc3 Nd7 16. O-O h4 17. c4 Qh5 18. Nxh4 Qxe2 19. Bxe2 Bxg3 20. fxg3 a5 21. Nf3 Ke7 22. g4 Rab8 23. Rfb1 Ba6 24. Kf2 c5 25. h3 Rhc8 26. dxc5 Nxc5 27. Rxb8 Rxb8 28. Nd4 Rb2 29. Ke3 e5 30. Nf5+ Ke8 31. Bf3 Rb3+ 32. Kf2 Kf8 33. Rd1 Nd3+ 34. Kg1 Bxc4 35. Be4 Rc3 36. Kh2 Kg8 37. Nh6+ Kg7 38. Nf5+ Kg8 39. Ne3 Nc5 40. Rd8+ Kg7 41. Nf5+ Kh7 42. Nd6+ Kh6 43. Bf5 Be6 44. Ra8 Bxf5 45. Nxf5+ Kh7 46. Rxa5 e4 47. Ra7 Kg6 48. Ra8 Ne6 49. Rh8 Kg5 50. g3 Rc2+ 51. Kg1 Rc1+ 52. Kf2 Nf4 53. gxf4+ Kxf4 54. Ne3 Ra1 55. Ng2+ Ke5 56. Re8+ Kd4 57. Rd8+ Ke5 58. Ne3 Rxa4 59. Rd5+ Ke6 60. Rf5 Ra3 61. h4 Ra1 62. Kg3 Ke7 63. Nd5+ Ke6 64. Ne3 Ke7 65. Kf4 Kf8 66. Rxf6 Rf1+ 67. Nxf1 1-0

[Event "SRB-chT Men 1st League 2019"]
[Site "Subotica"]
[Date "2019.08.27"]
[Round "6.10"]
[White "Todorovic, Goran M"]
[Black "Blesic, Vaso"]
[Result "0-1"]
[ECO "B11"]
[WhiteElo "2415"]
[BlackElo "2382"]
[Annotator "NA"]
[PlyCount "56"]
[EventDate "2019.08.23"]
[EventType "team-tourn"]
[EventCountry "SRB"]
[SourceTitle "playchess.com"]
[Source "ChessBase"]
[SourceQuality "1"]
[TimeControl "40/5400+30:1800+30"]

1. e4 c6 2. Nc3 d5 3. Nf3 Bg4 4. d4 e6 5. h3 Bh5 6. g4 dxe4 7. gxh5 exf3 8. Be3 Nd7 9. Qxf3 Qa5 10. Rg1 Ngf6 11. Rg5 Nd5 12. Bd2 Qb6 13. O-O-O h6 14. Rxd5 cxd5 15. Bb5 Be7 16. Qg4 O-O-O 17. Qxg7 a6 18. Ba4 Rdf8 19. Bf4 Qd8 20. Bxd7+ Kxd7 21. Nxd5 exd5 22. Qe5 Kc6 23. Qe3 Kb6 24. Bxh6 Re8 25. Kb1 Ka7 26. Bg7 Bf6 27. Bxh8 Rxe3 28. Bxf6 Qxf6 0-1

[Event "SRB-chT Men 1st League 2019"]
[Site "Subotica"]
[Date "2019.08.27"]
[Round "6.11"]
[White "Rajkovic, Mladen"]
[Black "Markovic, Miroslav"]
[Result "0-1"]
[ECO "B15"]
[WhiteElo "2371"]
[BlackElo "2394"]
[Annotator "NA"]
[PlyCount "106"]
[EventDate "2019.08.23"]
[EventType "team-tourn"]
[EventCountry "SRB"]
[SourceTitle "playchess.com"]
[Source "ChessBase"]
[SourceQuality "1"]
[TimeControl "40/5400+30:1800+30"]

1. e4 c6 2. Nc3 d5 3. Nf3 dxe4 4. Nxe4 Nf6 5. Nxf6+ exf6 6. d4 Bd6 7. Bd3 O-O 8. O-O Bg4 9. h3 Bh5 10. g4 Bg6 11. Nh4 Bc7 12. Nxg6 hxg6 13. c3 Qd6 14. f4 Re8 15. Qf3 c5 16. Bb5 Nc6 17. d5 c4 18. Kg2 Qc5 19. Bxc4 Qxc4 20. dxc6 bxc6 21. Be3 Rad8 22. Rfd1 Bb6 23. Rxd8 Rxd8 24. Bxb6 axb6 25. Rd1 Rxd1 26. Qxd1 b5 27. Qd8+ Kh7 28. Qa8 f5 29. gxf5 gxf5 30. Kf3 Qe4+ 31. Kg3 Qe1+ 32. Kg2 Qd2+ 33. Kg3 Qe3+ 34. Kg2 Qxf4 35. Qxc6 Qd2+ 36. Kg3 Qxb2 37. Qc5 Qb1 38. Qe5 Qd3+ 39. Kf2 f6 40. Qe8 Qd2+ 41. Kg1 Qg5+ 42. Kh1 f4 43. c4 bxc4 44. Qe4+ f5 45. Qxc4 f3 46. Qc2 Qf4 47. Qf2 g5 48. Qa7+ Kg6 49. Qa6+ Kh5 50. Qc8 Kh4 51. Qh8+ Kg3 52. Qc3 Qe4 53. a4 Qb1+ 0-1